 Dungeon Crawl Stone Soup version 0.30-a0-29-g142975f185 (webtiles) character file.

Game seed: 14704782964150350258

4 frimble the Gusty (level 1, -1/13 HPs)
             Began as a Demonspawn Air Elementalist on Aug 27, 2022.
             Slain by a frilled lizard (2 damage)
             ... on level 1 of the Dungeon.
             The game lasted 00:00:23 (420 turns).

frimble the Gusty (Demonspawn Air Elementalist)      Turns: 420, Time: 00:00:23

Health: -1/13      AC:  2    Str:  8    XL:     1   Next: 58%
Magic:  2/3        EV: 12    Int: 16    God:
Gold:   16         SH:  0    Dex: 13    Spells: 3/4 levels left

rFire   . . .      SeeInvis .    c - +0 dagger
rCold   . . .      Faith    .    (no shield)
rNeg    . . .      Spirit   .    a - +0 robe
rPois   .          Reflect  .    (no helmet)
rElec   .          Harm     .    (no cloak)
rCorr   .          Rampage  .    (no gloves)
Will    .....                    (no boots)
Stlth   ++........               (no amulet)
HPRegen 0.04/turn                (no ring)
MPRegen 0.08/turn                (no ring)

@: no status effects
A: no striking features
a: no special abilities


You were on level 1 of the Dungeon.
You visited 1 branch of the dungeon, and saw 1 of its levels.

You collected 16 gold pieces.

Inventory:

Hand Weapons
 c - a +0 dagger (weapon)
Armour
 a - a +0 robe (worn)
Scrolls
 d - a scroll of identify {unknown}
Potions
 b - a potion of magic


   Skills:
 + Level 1.8 Dodging
 + Level 1.9 Stealth
 + Level 2.0 Spellcasting
 + Level 1.1 Conjurations
 + Level 2.7 Air Magic


You had 3 spell levels left.
You knew the following spells:

 Your Spells              Type           Power      Damage    Failure   Level
a - Shock                 Conj/Air       28%        1d4       10%         1

Your spell library contained the following spells:

 Spells                   Type           Power      Damage    Failure   Level
 Static Discharge         Conj/Air       14%        3-4/arc   14%         2
 Swiftness                Air            10%        N/A       21%         3
 Airstrike                Air            5%         2d(1-17)  54%         4


Dungeon Overview and Level Annotations

Branches:
Dungeon (1/15)

Altars:


Message History

No target in view!
No target in view!
No target in view!
Found a hand axe.
You see here a +0 hand axe.
You see here a +0 hand axe.
A frilled lizard comes into view.
A frilled lizard is nearby!
A frilled lizard is nearby!
A frilled lizard is nearby!
An endoplasm comes into view.
The frilled lizard hisses angrily.
Found a golden potion.
The endoplasm hits you.
You hit the endoplasm.
The endoplasm is moderately wounded.
The endoplasm hits you.
You are too injured to fight recklessly!
You are too injured to fight recklessly!
You are too injured to fight recklessly!
You are too injured to fight recklessly!
You are too injured to fight recklessly!
You are too injured to fight recklessly!
You are too injured to fight recklessly!
You are too injured to fight recklessly!
Aiming: Shock (safe; 10% risk of failure)
Press: ? - help, Q - select action Shift-Dir - straight line, f - endoplasm
Aim: an endoplasm (moderately wounded, 97% to hit)
The zap hits the endoplasm.
The endoplasm is severely wounded.
The endoplasm freezes you.
You are frozen.
* * * LOW HITPOINT WARNING * * *
The frilled lizard barely misses you.
Unknown command.
The frilled lizard bites you.
* * * LOW HITPOINT WARNING * * *
The frilled lizard attacks as you move away!
The frilled lizard bites you.
You die...

#......# #.#
........# #.#
........# #.#
........# #.#
....... #.#
#.# #.#
.###.####.#
.......J@.#
.###...l.....#
#.........#
............#
.............#
...##........#
... #........#
## #...!....#


You could see an endoplasm and a frilled lizard.

Vanquished Creatures
  2 goblins (D:1)
  A quokka (D:1)
  A kobold (D:1)
4 creatures vanquished.

Notes
Turn   | Place    | Note
-------+----------+-------------------------------------------
     0 | D:1      | frimble the Demonspawn Air Elementalist began the quest for
                  | the Orb.
     0 | D:1      | Reached XP level 1. HP: 13/13 MP: 3/3
   420 | D:1      | Slain by a frilled lizard

Illustrated notes

Levels and vault maps discovered:
D:1:      nzn_arrival_depleted_hourglass, layout_basic, serial_shops, shop

Action                   || total
-------------------------++-------
Melee: Unarmed           ||     5
       Dagger            ||     2
 Cast: Shock             ||     8
 Stab: Sleeping          ||     1
Armor: Robe              ||     2
Dodge: Dodged            ||     8

Table legend: (Time is in decaauts)
 A = Elapsed time spent in this place.
 B = Non-inter-level travel time spent in this place.
 C = Inter-level travel time spent in this place.
 D = Time resting spent in this place.
 E = Time spent auto-exploring this place.
 F = Levels seen in this place.
 G = Mean time per level.
                   A        B        C        D        E       F      G
               +--------+--------+--------+--------+--------+-----+--------+
         Total |    419 |    419 |      0 |      0 |    369 |   1 |  419.0 |
       Dungeon |    419 |    419 |      0 |      0 |    369 |   1 |  419.0 |
               +--------+--------+--------+--------+--------+-----+--------+

Top non-repeatable levels by time:
     D:1: 419 daAuts
